TOP OF THE 1ST |
Riverside Red Bulls batting - Pitching for La Crosse Loggers : RHP Juan Contreras
|
Pitching: RHP Juan Contreras
|
|
Batting: RHB Mike Mills
|
0-0: Ball 1-0: SOLO HOME RUN (Flyball, 8LXD), Distance : 406 ft
|
Batting: RHB Fernando Gálvez
|
0-0: Called Strike 0-1: Foul Ball, location: 2F 0-2: Strikes out looking
|
Batting: LHB Paco Rivera
|
0-0: Called Strike 0-1: Ball 1-1: Ball 2-1: SINGLE (Line Drive, 6M)
|
Batting: RHB Earnest Finnegan
|
0-0: Foul Ball, location: 2F 0-1: Foul Ball, location: 2F 0-2: Strikes out swinging
|
Batting: RHB José Vázquez
|
0-0: Ball 1-0: Ground out 4-3 (Groundball, 4)
|
Top of the 1st over - 1 run(s), 2 hit(s), 0 error(s), 1 left on base; Riverside 1 - La Crosse 0 |
BOTTOM OF THE 1ST |
La Crosse Loggers batting - Pitching for Riverside Red Bulls : RHP Alberto Gutiérrez
|
Pitching: RHP Alberto Gutiérrez
|
|
Batting: RHB Robert Acosta
|
0-0: SINGLE (Line Drive, 6)
|
Batting: RHB Paul Richard
|
0-0: Ball 1-0: Grounds into double play, 5-4-3 (Groundball, 5)
|
Batting: LHB George Smith
|
0-0: Ground out U3 (Groundball, 3S)
|
Bottom of the 1st over - 0 run(s), 1 hit(s), 0 error(s), 0 left on base; Riverside 1 - La Crosse 0 |
TOP OF THE 2ND |
Riverside Red Bulls batting - Pitching for La Crosse Loggers : RHP Juan Contreras
|
Batting: RHB Brandon Pope
|
0-0: Foul Ball, location: 2F 0-1: DOUBLE (Line Drive, 7D)
|
Batting: RHB Kelly Jones
|
0-0: Ball 1-0: Ground out 1-6-3 (Groundball, 15S) Brandon Pope to third
|
Batting: RHB Enrique Flores
|
0-0: Called Strike 0-1: Foul Ball, location: 2F 0-2: Ball 1-2: Fly out, F7 (Flyball, 7M)
|
Batting: SHB Luis Alonso
|
0-0: Called Strike 0-1: Ball 1-1: Ball 2-1: SINGLE (Groundball, 56D) Brandon Pope scores
|
Batting: RHB Mike Mills
|
0-0: Called Strike 0-1: Ball 1-1: Called Strike 1-2: 2-RUN HOME RUN (Flyball, 7D), Distance : 377 ft
|
Batting: RHB Fernando Gálvez
|
0-0: Called Strike 0-1: Called Strike 0-2: Ball 1-2: Ball 2-2: Ball 3-2: Ground out 5-3 (Groundball, 56)
|
Top of the 2nd over - 3 run(s), 3 hit(s), 0 error(s), 0 left on base; Riverside 4 - La Crosse 0 |
BOTTOM OF THE 2ND |
La Crosse Loggers batting - Pitching for Riverside Red Bulls : RHP Alberto Gutiérrez
|
Batting: RHB Danny Campbell
|
0-0: DOUBLE (Groundball, 5L)
|
Batting: RHB Francisco Rodríguez
|
0-0: Swinging Strike 0-1: Ground out 5-3 (Groundball, 5S) Danny Campbell to third
|
Batting: RHB Dick Slagboom
|
0-0: Called Strike 0-1: Swinging Strike 0-2: Foul Ball, location: 2F 0-2: Ball 1-2: Ball 2-2: Strikes out looking
|
Batting: RHB Kirk Powell
|
0-0: Ball 1-0: SINGLE (Flyball, 89S) Danny Campbell scores
|
Batting: RHB Hunter Plunket
|
0-0: Ball Kirk Powell is caught stealing 2nd base
|
Bottom of the 2nd over - 1 run(s), 2 hit(s), 0 error(s), 0 left on base; Riverside 4 - La Crosse 1 |
TOP OF THE 3RD |
Riverside Red Bulls batting - Pitching for La Crosse Loggers : RHP Juan Contreras
|
Batting: LHB Paco Rivera
|
0-0: Ball 1-0: Ball 2-0: Ball 3-0: Base on Balls
|
Batting: RHB Earnest Finnegan
|
0-0: Fly out, F2 (Popup, 25F)
|
Batting: RHB José Vázquez
|
0-0: Foul Ball, location: 2F 0-1: Called Strike 0-2: Strikes out swinging
|
Batting: RHB Brandon Pope
|
0-0: Ball 1-0: Fly out, F3 (Popup, 23F)
|
Top of the 3rd over - 0 run(s), 0 hit(s), 0 error(s), 1 left on base; Riverside 4 - La Crosse 1 |
BOTTOM OF THE 3RD |
La Crosse Loggers batting - Pitching for Riverside Red Bulls : RHP Alberto Gutiérrez
|
Batting: RHB Hunter Plunket
|
0-0: Ball 1-0: DOUBLE (Line Drive, 5D)
|
Batting: RHB Vernon Romo
|
0-0: Ball 1-0: Ball 2-0: Ball 3-0: Base on Balls
|
Batting: RHB Robert Acosta
|
0-0: DOUBLE (Line Drive, 56D) Hunter Plunket scores Vernon Romo to third
|
Batting: RHB Paul Richard
|
0-0: Fly out, F7 (Line Drive, 7M) Runner from 3rd tags up, SCORES, throw made
|
Batting: LHB George Smith
|
0-0: Ball 1-0: SINGLE (Groundball, 34) Robert Acosta to third Runner from 3rd tries for Home, SAFE, no throw or cutoff
|
Batting: RHB Danny Campbell
|
0-0: Ball 1-0: Called Strike 1-1: Ball 2-1: Called Strike 2-2: 2-RUN HOME RUN (Flyball, 7D), Distance : 375 ft
|
Batting: RHB Francisco Rodríguez
|
0-0: Fly out, F8 (Flyball, 8RM)
|
Batting: RHB Dick Slagboom
|
0-0: Called Strike 0-1: Foul Ball, location: 2F 0-2: Ball 1-2: Ball 2-2: Ball 3-2: Foul Ball, location: 2F 3-2: Foul Ball, location: 2F 3-2: SINGLE (Groundball, 6)
|
Batting: RHB Kirk Powell
|
0-0: Ball 1-0: Ball 2-0: Swinging Strike 2-1: Called Strike 2-2: Strikes out looking
|
Bottom of the 3rd over - 5 run(s), 5 hit(s), 0 error(s), 1 left on base; Riverside 4 - La Crosse 6 |
TOP OF THE 4TH |
Riverside Red Bulls batting - Pitching for La Crosse Loggers : RHP Juan Contreras
|
Batting: RHB Kelly Jones
|
0-0: Foul Ball, location: 2F 0-1: Ball 1-1: SOLO HOME RUN (Flyball, 78XD), Distance : 374 ft
|
Batting: RHB Enrique Flores
|
0-0: Ball 1-0: Swinging Strike 1-1: SOLO HOME RUN (Line Drive, 7D), Distance : 362 ft
|
Batting: SHB Luis Alonso
|
0-0: Called Strike 0-1: Foul Ball, location: 2F 0-2: Foul Ball, location: 2F 0-2: Ball 1-2: Ball 2-2: Strikes out swinging
|
Batting: RHB Mike Mills
|
0-0: Called Strike 0-1: Foul Ball, location: 2F 0-2: Ball 1-2: Ball 2-2: Fly out, F8 (Flyball, 8LD)
|
Batting: RHB Fernando Gálvez
|
0-0: Called Strike 0-1: Ball 1-1: Fly out, F9 (Flyball, 9M)
|
Top of the 4th over - 2 run(s), 2 hit(s), 0 error(s), 0 left on base; Riverside 6 - La Crosse 6 |
BOTTOM OF THE 4TH |
La Crosse Loggers batting - Pitching for Riverside Red Bulls : RHP Alberto Gutiérrez
|
Batting: RHB Hunter Plunket
|
0-0: Fly out, F6 (Popup, 56)
|
Batting: RHB Vernon Romo
|
0-0: Ball 1-0: Ball 2-0: SINGLE (Groundball, 6MD)
|
Batting: RHB Robert Acosta
|
0-0: DOUBLE (Line Drive, 8LM) Vernon Romo to third
|
Batting: RHB Paul Richard
|
0-0: Called Strike 0-1: Ball 1-1: Called Strike 1-2: Foul Ball, location: 2F 1-2: DOUBLE (Flyball, 8RM) Vernon Romo scores Robert Acosta scores
|
Batting: LHB George Smith
|
0-0: Foul Ball, location: 2F 0-1: Ball 1-1: SINGLE (Groundball, 4MD) (infield hit) Paul Richard to third
|
Pitching: RHP Shawn Montoya
|
|
Batting: RHB Danny Campbell
|
0-0: Called Strike 0-1: Ball 1-1: Ball 2-1: Ball 3-1: Foul Ball, location: 2F 3-2: Base on Balls George Smith to second
|
Batting: RHB Francisco Rodríguez
|
0-0: SINGLE (Line Drive, 56D) Paul Richard scores George Smith to third Danny Campbell to second Runner from 3rd tries for Home, SAFE, throw made home Danny Campbell to third Francisco Rodríguez to second
|
Batting: RHB Dick Slagboom
|
0-0: Foul Ball, location: 2F 0-1: Swinging Strike 0-2: Ball 1-2: Ball 2-2: Ball 3-2: Base on Balls
|
Batting: RHB Kirk Powell
|
0-0: Called Strike 0-1: Ball 1-1: Ball 2-1: Swinging Strike 2-2: Foul Ball, location: 2F 2-2: Strikes out looking
|
Batting: RHB Hunter Plunket
|
0-0: Foul Ball, location: 2F 0-1: Ball 1-1: Called Strike 1-2: Ball 2-2: Ball 3-2: SINGLE (Groundball, 6D) Danny Campbell scores Francisco Rodríguez to third Dick Slagboom to second Francisco Rodríguez scores Dick Slagboom to third
|
Batting: RHB Vernon Romo
|
0-0: Called Strike 0-1: Ground out 6-3 (Groundball, 6)
|
Bottom of the 4th over - 6 run(s), 6 hit(s), 0 error(s), 2 left on base; Riverside 6 - La Crosse 12 |
TOP OF THE 5TH |
Riverside Red Bulls batting - Pitching for La Crosse Loggers : RHP Juan Contreras
|
Batting: LHB Paco Rivera
|
0-0: Ball 1-0: Called Strike 1-1: Called Strike 1-2: Strikes out swinging, 2-3 out at first.
|
Batting: RHB Earnest Finnegan
|
0-0: Ball 1-0: Ball 2-0: Ball 3-0: Called Strike 3-1: Called Strike 3-2: Ground out 4-3 (Groundball, 4)
|
Batting: RHB José Vázquez
|
0-0: Called Strike 0-1: Ball 1-1: Ball 2-1: Ground out 6-3 (Groundball, 6)
|
Top of the 5th over - 0 run(s), 0 hit(s), 0 error(s), 0 left on base; Riverside 6 - La Crosse 12 |
BOTTOM OF THE 5TH |
La Crosse Loggers batting - Pitching for Riverside Red Bulls : RHP Shawn Montoya
|
Batting: RHB Robert Acosta
|
0-0: Ball 1-0: Ground out 4-3 (Groundball, 4M)
|
Batting: RHB Paul Richard
|
0-0: Called Strike 0-1: Foul Ball, location: 2F 0-2: Ball 1-2: SINGLE (Flyball, 8LS)
|
Batting: LHB George Smith
|
0-0: Ball Paul Richard steals 2nd base 1-0: Ball 2-0: Ball 3-0: Base on Balls
|
Batting: RHB Danny Campbell
|
0-0: Called Strike Paul Richard steals 3rd base George Smith to second 0-1: Foul Ball, location: 2F 0-2: Strikes out swinging
|
Batting: RHB Francisco Rodríguez
|
0-0: SINGLE (Groundball, 56D) Paul Richard scores George Smith to third Runner from 3rd tries for Home, SAFE, throw made home Francisco Rodríguez to second
|
Pitching: LHP Chuck Cox
|
|
Batting: RHB Dick Slagboom
|
0-0: Ball 1-0: Foul Ball, location: 2F 1-1: Ball 2-1: Ball 3-1: Base on Balls
|
Batting: RHB Kirk Powell
|
0-0: Ball 1-0: SINGLE (Line Drive, 8LS) Francisco Rodríguez to third Dick Slagboom to second Runner from 3rd tries for Home, SAFE, no throw or cutoff
|
Batting: RHB Hunter Plunket
|
0-0: Ball 1-0: Fly out, F4 (Popup, 8LS)
|
Bottom of the 5th over - 3 run(s), 3 hit(s), 0 error(s), 2 left on base; Riverside 6 - La Crosse 15 |
TOP OF THE 6TH |
Riverside Red Bulls batting - Pitching for La Crosse Loggers : RHP Juan Contreras
|
Batting: RHB Brandon Pope
|
0-0: Ball 1-0: Ground out 4-3 (Groundball, 4)
|
Batting: RHB Kelly Jones
|
0-0: SINGLE (Flyball, 9LS)
|
Pitching: RHP Dallas Albert
|
|
Batting: RHB Enrique Flores
|
0-0: Ball 1-0: Ball 2-0: Swinging Strike 2-1: Ball 3-1: Base on Balls Kelly Jones to second
|
Batting: SHB Luis Alonso
|
0-0: Foul Ball, location: 2F 0-1: Ball 1-1: SINGLE (Line Drive, 89S) Kelly Jones to third Enrique Flores to second
|
Batting: RHB Mike Mills
|
0-0: Ball 1-0: Called Strike 1-1: Called Strike 1-2: Foul Ball, location: 2F 1-2: Grounds into double play, 6-4-3 (Groundball, 56)
|
Top of the 6th over - 0 run(s), 2 hit(s), 0 error(s), 2 left on base; Riverside 6 - La Crosse 15 |
BOTTOM OF THE 6TH |
La Crosse Loggers batting - Pitching for Riverside Red Bulls : LHP Chuck Cox
|
Batting: RHB Vernon Romo
|
0-0: Called Strike 0-1: Foul Ball, location: 2F 0-2: Foul Ball, location: 2F 0-2: Ball 1-2: Ground out 6-3 (Groundball, 6)
|
Batting: RHB Robert Acosta
|
0-0: Ball 1-0: Called Strike 1-1: Ball 2-1: Foul Ball, location: 2F 2-2: Foul Ball, location: 2F 2-2: Fly out, F5 (Popup, 5F)
|
Batting: RHB Paul Richard
|
0-0: SINGLE (Groundball, 56D)
|
Batting: LHB George Smith
|
0-0: Called Strike 0-1: Ball 1-1: Ball 2-1: Called Strike 2-2: Ball 3-2: SINGLE (Line Drive, 6MD) Paul Richard to second Paul Richard to third
|
Batting: RHB Danny Campbell
|
0-0: Called Strike 0-1: Ball 1-1: Called Strike 1-2: Fly out, F8 (Flyball, 8RS)
|
Bottom of the 6th over - 0 run(s), 2 hit(s), 0 error(s), 2 left on base; Riverside 6 - La Crosse 15 |
TOP OF THE 7TH |
Riverside Red Bulls batting - Pitching for La Crosse Loggers : RHP Dallas Albert
|
Batting: RHB Fernando Gálvez
|
0-0: Ground out 4-3 (Groundball, 4)
|
Batting: LHB Paco Rivera
|
0-0: Swinging Strike 0-1: Ball 1-1: Ball 2-1: Ball 3-1: Swinging Strike 3-2: SINGLE (Groundball, 25) (infield hit)
|
Batting: RHB Earnest Finnegan
|
0-0: Foul Ball, location: 2F 0-1: Called Strike 0-2: Ball 1-2: Grounds into double play, 6-4-3 (Groundball, 6M)
|
Top of the 7th over - 0 run(s), 1 hit(s), 0 error(s), 0 left on base; Riverside 6 - La Crosse 15 |
BOTTOM OF THE 7TH |
La Crosse Loggers batting - Pitching for Riverside Red Bulls : LHP Chuck Cox
|
Batting: RHB Francisco Rodríguez
|
0-0: Foul Ball, location: 2F 0-1: Foul Ball, location: 2F 0-2: Strikes out looking
|
Batting: RHB Dick Slagboom
|
0-0: Swinging Strike 0-1: Foul Ball, location: 2F 0-2: Foul Ball, location: 2F 0-2: Ball 1-2: Ball 2-2: SINGLE (Line Drive, 8RS)
|
Batting: RHB Kirk Powell
|
0-0: Called Strike 0-1: Ball 1-1: Ball 2-1: Ball 3-1: Base on Balls Dick Slagboom to second
|
Batting: RHB Hunter Plunket
|
0-0: TRIPLE (Flyball, 8LXD) Dick Slagboom scores Kirk Powell scores
|
Batting: RHB Vernon Romo
|
0-0: Ball 1-0: SINGLE (Groundball, 6MD) Hunter Plunket scores
|
Pitching: RHP Don Kirk
|
|
Batting: RHB Robert Acosta
|
0-0: Called Strike 0-1: DOUBLE (Line Drive, 78M) Vernon Romo to third
|
Batting: RHB Paul Richard
|
0-0: Ball 1-0: Called Strike 1-1: Ball 2-1: Swinging Strike 2-2: Strikes out looking
|
Batting: LHB George Smith
|
0-0: Called Strike 0-1: Ball 1-1: Swinging Strike 1-2: Ball 2-2: Ground out 4-3 (Groundball, 4)
|
Bottom of the 7th over - 3 run(s), 4 hit(s), 0 error(s), 2 left on base; Riverside 6 - La Crosse 18 |
TOP OF THE 8TH |
Riverside Red Bulls batting - Pitching for La Crosse Loggers : RHP Dallas Albert
|
Batting: RHB José Vázquez
|
0-0: Ball 1-0: SINGLE (Line Drive, 34D)
|
Batting: RHB Brandon Pope
|
0-0: Ball 1-0: Ball 2-0: Ball 3-0: Base on Balls José Vázquez to second
|
Batting: RHB Kelly Jones
|
0-0: Foul Ball, location: 2F 0-1: Called Strike 0-2: Ball 1-2: Strikes out swinging
|
Pitching: RHP Chuck Plummer
|
|
Batting: RHB Enrique Flores
|
0-0: Grounds into double play, U4-3 (Groundball, 4M)
|
Top of the 8th over - 0 run(s), 1 hit(s), 0 error(s), 1 left on base; Riverside 6 - La Crosse 18 |
BOTTOM OF THE 8TH |
La Crosse Loggers batting - Pitching for Riverside Red Bulls : RHP Don Kirk
|
Batting: RHB Danny Campbell
|
0-0: Ball 1-0: Ball 2-0: Ball 3-0: Called Strike 3-1: Foul Ball, location: 2F 3-2: Base on Balls
|
Batting: RHB Francisco Rodríguez
|
0-0: Fly out, F9 (Line Drive, 89S)
|
Batting: RHB Dick Slagboom
|
0-0: Called Strike 0-1: Foul Ball, location: 2F 0-2: Fly out, F8 (Flyball, 8LM)
|
Batting: RHB Kirk Powell
|
0-0: Ball 1-0: Ball 2-0: Ball 3-0: Base on Balls Danny Campbell to second
|
Batting: RHB Hunter Plunket
|
0-0: Ball 1-0: Fly out, F9 (Flyball, 9LM)
|
Bottom of the 8th over - 0 run(s), 0 hit(s), 0 error(s), 2 left on base; Riverside 6 - La Crosse 18 |
TOP OF THE 9TH |
Riverside Red Bulls batting - Pitching for La Crosse Loggers : RHP Chuck Plummer
|
Now at 3B: James Jenkins
|
|
Batting: SHB Luis Alonso
|
0-0: Foul Ball, location: 2F 0-1: Ball 1-1: Called Strike 1-2: Ball 2-2: Foul Ball, location: 2F 2-2: Foul Ball, location: 2F 2-2: Fly out, F4 (Line Drive, 4M)
|
Batting: RHB Mike Mills
|
0-0: Ball 1-0: Foul Ball, location: 2F 1-1: Ball 2-1: Ball 3-1: Foul Ball, location: 2F 3-2: Base on Balls
|
Batting: RHB Fernando Gálvez
|
0-0: Ball 1-0: Ball 2-0: Called Strike 2-1: Ball 3-1: Swinging Strike 3-2: Fly out, F8 (Line Drive, 8RM)
|
Batting: LHB Paco Rivera
|
0-0: Ball 1-0: Ball 2-0: Ball 3-0: Called Strike 3-1: SINGLE (Line Drive, 4MD) Mike Mills to second
|
Batting: RHB Earnest Finnegan
|
0-0: Called Strike 0-1: Ball 1-1: Ball 2-1: Ball 3-1: Ground out 1-3 (Groundball, 23)
|
Top of the 9th over - 0 run(s), 1 hit(s), 0 error(s), 2 left on base; Riverside 6 - La Crosse 18 |
|